 Dungeon Crawl Stone Soup version 0.25-a0-248-g18654cfe15 (webtiles) character file.

Game seed: 10640545176325696232, levelgen mode: deterministic

338 Goreval the Chiller (level 6, -12/32 HPs)
             Began as a Deep Elf Ice Elementalist on Dec 4, 2019.
             Killed by divine providence
             ... invoked by an orc priest
              (15 damage)
             ... on level 4 of the Dungeon.
             The game lasted 00:12:06 (5228 turns).

Goreval the Chiller (Deep Elf Ice Elementalist)     Turns: 5228, Time: 00:12:07

Health: -12/32     AC: 18    Str:  5    XL:     6   Next: 29%
Magic:  1/15       EV: 14    Int: 22    God:
Gold:   155        SH:  0    Dex: 15    Spells: 2/14 levels left

rFire    + . .     SeeInvis .   i - +0 short sword (protect)
rCold    . . .     Gourm    .   (no shield)
rNeg     . . .     Faith    .   n - +2 robe {rF+}
rPois    .         Spirit   .   e - +0 helmet
rElec    .         Reflect  .   (no cloak)
rCorr    .         Harm     .   (no gloves)
MR       +....                  (no boots)
Stlth    ++........             (no amulet)
HPRegen  0.10/turn              q - ring of protection from magic
MPRegen  0.14/turn              (no ring)

@: icy armour, protection aura
A: no striking features
a: no special abilities


You were on level 4 of the Dungeon.
You were not hungry.

You visited 1 branch of the dungeon, and saw 4 of its levels.

You collected 155 gold pieces.

Inventory:

Hand Weapons
 i - a +0 short sword of protection (weapon)
Missiles
 a - 52 stones (quivered)
Armour
 e - a +0 helmet (worn)
 n - a +2 robe of fire resistance (worn)
Jewellery
 q - a ring of protection from magic (left hand)
Scrolls
 g - a scroll of blinking
 l - 2 scrolls of remove curse
Potions
 d - a potion of mutation {unknown}
 f - 2 potions of lignification {unknown}
 j - 4 potions of curing
 k - 2 potions of flight {unknown}
 m - 2 potions of heal wounds
 p - a potion of degeneration {unknown}
Comestibles
 c - 8 rations
 o - 8 chunks of flesh


   Skills:
 + Level 4.1 Dodging
 - Level 2.4 Stealth
 + Level 4.7 Spellcasting
 * Level 2.8 Conjurations
 * Level 6.3 Ice Magic


You had 2 spell levels left.
You knew the following spells:

 Your Spells              Type           Power        Failure   Level  Hunger
a - Freeze                Ice            ####         1%          1    None
b - Ozocubu's Armour      Chrm/Ice       ###.....     9%          3    ##.....
c - Hailstorm             Conj/Ice       ####....     16%         4    ####...
d - Summon Ice Beast      Ice/Summ       ###.....     28%         4    ####...

Your spell library contained the following spells:

 Spells                   Type           Power        Failure   Level  Hunger


Dungeon Overview and Level Annotations

Branches:
Dungeon (4/15)
 Temple: D:4-7

Altars:
Uskayaw


Message History

A puff of flame appears from out of thin air!
The puff of flame hits you but does no damage.
The heat melts your icy armour.
Unknown command.
You barely miss something. Something hits you.
* * * LOW HITPOINT WARNING * * *
You miss something.
Something hits you but does no damage. x2
You freeze something.
Reactivating autopickup.
You feel a bit more experienced.
Aim: an orc priest, wielding a -2 falchion You freeze the orc priest!
The orc priest closely misses you.
You hit the orc priest.
Your weapon exudes an aura of protection.
The orc priest closely misses you.
You hit the orc priest. The orc priest closely misses you.
You completely miss the orc priest.
The orc priest mumbles some strange prayers to Beogh against you.
Beogh smites you!
You die...

##########.####
#...............
#.####.########)#
#@# #.# #....#
#o# #.# #.#...
#.# #.# ##.#...
#)# #.# #......
#.# #.# #..#..#
#.# #.#####..#..#
#.# #....##..#...
#.# ####.##..##..
.## #.##..))..


You could see an orc priest.

Vanquished Creatures
  3 orc priests
  2 orc wizards (D:4)
  Jessica (D:2)
  A worker ant (D:4)
  Robin (D:2)
  An adder (D:2)
  A shadow imp (D:3)
  An adder skeleton (D:4)
  4 worms
  3 dart slugs (D:2)
  8 orcs
  4 bats
  3 giant cockroaches
  11 hobgoblins
  7 jackals
  5 kobolds
  2 quokkas
  3 ball pythons
  2 frilled lizards (D:1)
  17 goblins
  12 rats
92 creatures vanquished.

Notes
Turn   | Place    | Note
-------+----------+-------------------------------------------
     0 | D:1      | Goreval the Deep Elf Ice Elementalist began the quest for
                  | the Orb.
     0 | D:1      | Reached XP level 1. HP: 10/10 MP: 6/6
   193 | D:1      | Reached XP level 2. HP: 7/15 MP: 0/8
   801 | D:1      | Reached skill level 5 in Ice Magic
   930 | D:1      | Reached XP level 3. HP: 19/19 MP: 8/10
   935 | D:1      | Learned a level 3 spell: Ozocubu's Armour
  1900 | D:2      | Found a hide-covered altar of Uskayaw.
  2223 | D:2      | Noticed Robin
  2413 | D:2      | Killed Robin
  2413 | D:2      | Reached XP level 4. HP: 24/24 MP: 7/11
  2422 | D:2      | Learned a level 4 spell: Hailstorm
  2775 | D:2      | Noticed Jessica
  2784 | D:2      | Killed Jessica
  2784 | D:2      | Reached skill level 1 in Conjurations
  2969 | D:2      | Noticed a phantom
  3944 | D:3      | Reached XP level 5. HP: 20/28 MP: 0/13
  4043 | D:3      | Learned a level 4 spell: Summon Ice Beast
  4825 | D:3      | Reached skill level 6 in Ice Magic
  5203 | D:4      | Reached XP level 6. HP: 31/32 MP: 10/14
  5228 | D:4      | Killed from afar by an orc priest

Levels and vault maps discovered:
D:1:      nzn_arrival_water_spiral, layout_loops_corners, serial_bayou_lake_a
D:2:      layout_basic, lemuel_doored_altar, chequers_serial_rivers_small_3,
          uniq_robin, uniq_crazy_yiuf_cottage, uniq_jessica
D:3:      layout_loops_corners, first_ration
D:4:      layout_loops_ring, grunt_ministairs_5

Skill      XL: |  1  2  3  4  5 |
---------------+----------------+-----
Ice Magic      | 5 6 |  6.3
Dodging        | 3 4 |  4.1
Spellcasting   | 4 |  4.7
Conjurations   | 1 2 |  2.8
Stealth        | |  2.4

Action                   |  1- 3 |  4- 6 || total
-------------------------+-------+-------++-------
Melee: Unarmed           |     4 |       ||     4
       Short sword       |    42 |    59 ||   101
Throw: Stone             |       |     1 ||     1
 Cast: Freeze            |    65 |    97 ||   162
       Ozocubu's Armour  |     3 |     3 ||     6
       Hailstorm         |       |     2 ||     2
  Use: Scroll            |     1 |     6 ||     7
 Stab: Sleeping          |     2 |     3 ||     5
  Eat: Chunk             |     5 |     9 ||    14
Armor: Robe              |    34 |    32 ||    66
Dodge: Dodged            |    84 |    79 ||   163

Table legend:
 A = Non-vault XP
 B = Vault XP
 C = Vault XP percentage of total XP
 D = Non-vault monster count
 E = Vault monster count
 F = Vault count percentage of total count
                 A         B        C        D         E       F
            +---------+---------+-------+---------+---------+-------
      Total |     410 |      74 |  15.3 |      78 |      14 |  15.2
            +---------+---------+-------+---------+---------+-------
        D:1 |      41 |       2 |   4.7 |      26 |       1 |   3.7
        D:2 |      64 |      72 |  52.9 |      25 |      13 |  34.2
        D:3 |     130 |       0 |   0.0 |      17 |       0 |   0.0
        D:4 |     175 |       0 |   0.0 |      10 |       0 |   0.0
            +---------+---------+-------+---------+---------+-------
